Map: 오딧세이 - 래더

Players

TYTY (TY)

  • Race: Terran Terran
  • League: Grandmaster
  • Spawn Location: 11:00

Zest - Winner!

  • Race: Protoss Protoss
  • Spawn Location: 5:00

VOD

Have the link to the VOD?

Description

Time

  • Played on: Dec. 22, 2017, 6:08 a.m.
  • Length: 5:56
Show
View Real Time Build Order
Export as new Build Order

TYTY Terran 

Build Orders: Cyclone Opening 

Get SALT Encoding   

  12  0:00  SCV  
  13  0:12  SCV  
  14  0:21  Supply Depot  
  14  0:24  SCV  
  15  0:42  SCV  
  16  0:43  Barracks  
  16  0:45  Refinery  
  16  0:54  SCV  
  17  0:59  Refinery  
  17  1:06  SCV  
  18  1:18  SCV  
  19  1:30  Reaper  
  19  1:31  Orbital Command  
  20  1:39  Supply Depot  
  20  1:49  Factory  
  20  1:57  SCV  
  21  2:02  Reaper  
  22  2:09  SCV  
  23  2:21  SCV  
  24  2:32  Cyclone  
  24  2:33  SCV  
  28  2:45  SCV, Command Center  
  29  2:55  Supply Depot  
  29  2:58  SCV  
  30  3:05  Factory Reactor  
  30  3:10  SCV  
  31  3:15  Factory  
  31  3:22  SCV  
  33  3:34  SCV  
  33  3:37  Supply Depot  
  33  3:44  Cyclone x2  
  39  3:57  SCV  
  39  4:02  Factory Reactor  
  40  4:09  Orbital Command  
  34  4:11  SCV  
  34  4:15  Refinery  
  34  4:16  Cyclone  
  38  4:19  Cyclone  
  38  4:23  SCV  
  42  4:35  SCV  
  42  4:38  Armory, Hellion  
  46  4:39  Hellion  
  46  4:42  Supply Depot  
  46  4:44  SCV  
  48  4:47  SCV  
  48  4:49  Hellion  
  48  4:51  Hellion  
  53  4:56  SCV  
  53  4:59  SCV  
  57  5:00  Hellion x2  
  57  5:05  Supply Depot  
  59  5:08  SCV  
  59  5:10  Hellion  
  59  5:12  Hellion  
  65  5:14  SCV  
  65  5:20  SCV  
  66  5:26  Supply Depot  
  66  5:27  Hellion x2  
  66  5:28  SCV  
  71  5:33  SCV  
  70  5:40  SCV  
Show
View Real Time Build Order
Export as new Build Order

Zest Protoss - Winner!

Build Orders:  

Get SALT Encoding   

  12  0:00  Probe  
  13  0:12  Probe  
  14  0:17  Pylon  
  14  0:24  Probe (Chrono Boost)  
  15  0:37  Gateway, Probe (Chrono Boost)  
  16  0:43  Probe (Chrono Boost)  
  16  0:46  Assimilator  
  17  0:51  Probe  
  18  1:03  Probe  
  19  1:11  Pylon  
  19  1:15  Probe  
  20  1:24  Cybernetics Core  
  20  1:27  Probe  
  21  1:45  Nexus  
  21  1:52  Assimilator  
  21  1:56  Probe  
  21  1:57  Stalker (Chrono Boost)  
  24  2:04  Warp Gate  
  24  2:09  Probe  
  25  2:21  Stalker (Chrono Boost)  
  27  2:27  Probe  
  28  2:39  Robotics Facility, Probe  
  29  2:44  Stalker (Chrono Boost)  
  31  2:57  Probe x2  
  33  3:04  Gateway  
  33  3:09  Probe x2  
  33  3:10  Stalker (Chrono Boost)  
  37  3:21  Probe  
  37  3:22  Probe  
  39  3:29  Observer (Chrono Boost)  
  39  3:33  Probe  
  39  3:34  Pylon, Probe  
  42  3:45  Probe  
  42  3:46  Probe  
  42  3:48  Pylon  
  43  3:57  Probe  
  43  3:58  Probe  
  44  4:09  Probe (Chrono Boost)  
  43  4:10  Probe (Chrono Boost)  
  44  4:18  Twilight Council  
  44  4:22  Probe x2 (Chrono Boost)  
  46  4:27  Nexus  
  46  4:28  Pylon  
  46  4:30  Probe x2 (Chrono Boost)  
  46  4:31  Observer  
  49  4:34  Assimilator  
  49  4:36  Probe x2  
  51  4:41  Pylon  
  51  4:49  Probe x2  
  53  4:55  Gateway  
  53  4:57  Gateway  
  53  5:02  Forge  
  53  5:03  Forge  
  54  5:14  Immortal (Chrono Boost)  
  54  5:19  Stalker x2  
  61  5:21  Shield Battery  
  61  5:24  Shield Battery  
  61  5:27  Pylon  
  61  5:43  Stalker x2  
Tags
 
Add a new tag
Caveats
  • Supply blocks, unpowered buildings, or Contaminate may cause inaccurate times.
  • Supply counts are checked every 10 seconds.